 Dungeon Crawl Stone Soup version 0.30-a0-622-gddc90eaa04 (webtiles) character file.

Game seed: 12730935296625581809

4937 wormed the Carver (level 10, 0/120 HPs)
             Began as a Merfolk Berserker on Jan 11, 2023.
             Was an Elder of Trog.
             Succumbed to a killer bee's poison
             ... on level 9 of the Dungeon.
             The game lasted 00:10:33 (7532 turns).

wormed the Carver (Merfolk Berserker)               Turns: 7532, Time: 00:10:33

Health: 0/120      AC: 17    Str: 17      XL:     10   Next: 52%
Magic:  10/10      EV: 11    Int:  6      God:    Trog [****..]
Gold:   424        SH:  0    Dex: 17 (19) Spells: 9/9 levels left

rFire   . . .      SeeInvis .    E - +0 long sword (elec)
rCold   . . .      Faith    .    (no shield)
rNeg    . . .      Spirit   .    F - +2 chain mail {Will+}
rPois   .          Reflect  .    (no helmet)
rElec   .          Harm     .    l - +1 cloak
rCorr   .          Rampage  +    (no gloves)
Will    +++..                    n - +2 pair of boots {rampage} Stlth
                                 C - amulet of regeneration
HPRegen 1.20/turn                g - ring of willpower
MPRegen 0.12/turn                j - ring of willpower

@: berserking (expiring), lethally poisoned (0 -> 0), very quick
A: (nimble swimmer 2), mertail
a: Renounce Religion, Berserk, Trog's Hand, Brothers in Arms


You were on level 9 of the Dungeon.
You worshipped Trog.
Trog was greatly pleased with you.
You visited 1 branch of the dungeon, and saw 9 of its levels.
You also visited: Sewer.

You collected 424 gold pieces.

Inventory:

Hand Weapons
 z - the +8 short sword of Urgency {drain, Fly rF+ Int+2}
   (You found it on level 4 of the Dungeon)

   Int:       It affects your intelligence (+2).
   rF:        It protects you from fire.
   Fly:       It grants you flight.
 E - a +0 long sword of electrocution (weapon)
Missiles
 r - 43 poisoned darts (quivered)
 x - 5 atropa-tipped darts
 y - a throwing net
Armour
 l - a +1 cloak (worn)
 n - a +2 pair of boots of rampaging (worn)
 F - a +2 chain mail of willpower (worn)
Jewellery
 g - a ring of willpower (left hand)
 j - a ring of willpower (right hand)
 m - a ring of flight
 w - a ring of fire
 C - an amulet of regeneration (around neck)
 G - a ring of protection from cold
 H - an amulet of the acrobat
Wands
 q - a wand of flame (28)
 t - a wand of charming (12)
 D - a wand of light (7)
 I - a wand of roots (5)
Scrolls
 f - 9 scrolls of teleportation
 s - 2 scrolls of magic mapping
 u - 3 scrolls of poison
Potions
 b - 4 potions of flight
 c - 4 potions of cancellation
 d - a potion of berserk rage
 e - 2 potions of mutation
 h - 4 potions of heal wounds
 k - 5 potions of haste
 o - 3 potions of curing
 p - a potion of attraction {unknown}
 v - a potion of might {unknown}
 A - a potion of invisibility {unknown}
 B - 2 potions of lignification {unknown}


   Skills:
 + Level 8.2 Fighting
 * Level 12.0 Long Blades
 + Level 5.3 Armour
 + Level 9.3 Dodging


You had 9 spell levels left.
You didn't know any spells.
Your spell library was empty.

Dungeon Overview and Level Annotations

Branches:
Dungeon (9/15)             Temple (0/1) D:5           Sewer (visited)
   Lair: D:8-11         Orc: D:9-12

Altars:
Ashenzari
Elyvilon
Uskayaw
Wu Jian
The Shining One


Innate Abilities, Weirdness & Mutations

((You are very nimble when in or above water. (Stealth+, EV+, Speed+++)))
Your lower body shifts to a powerful aquatic tail in water.


Message History

You slash the quasit! Lightning courses through the quasit!
You kill the quasit!
Trog accepts your kill.
You feel sick.
You slash the killer bee!
The killer bee is almost dead.
The killer bee barely misses you. The yak barely misses you.
The killer bee closely misses you.
You closely miss the killer bee.
The killer bee is almost dead.
You feel sick.
The killer bee stings you but does no damage.
You miss the killer bee.
The killer bee is almost dead.
The yak gores you.
* * * LOW HITPOINT WARNING * * *
The yak gores you but does no damage.
The killer bee stings you but does no damage.
You miss the killer bee.
The killer bee is almost dead.
You feel sick. The killer bee stings you.
* * * LOW HITPOINT WARNING * * *
You are more poisoned.
The killer bee poisons you!
You slash the killer bee!
You kill the killer bee!
Trog accepts your kill.
You feel sick. The yak gores you but does no damage. The yak misses you.
The yak barely misses you.
You hit the yak.
The yak is lightly wounded.
You feel sick.
You hit the yak.
The yak is moderately wounded.
You feel sick. The yak gores you but does no damage. The yak gores you!
* * * LOW HITPOINT WARNING * * *
The yak barely misses you.
You slash the yak!
The yak is heavily wounded.
You die...

....P♣
....P♣
...P♣ P
....♣..
##.......
#........
#Y......=
#YY......
#@Y......
#[†......
##.......
#......
.#..##
.#.## .#
#


You could see 4 yaks.

Vanquished Creatures
  A two-headed ogre (D:8)
  A troll (D:9)
  Sigmund (D:3)
  A wyvern (D:8)
  4 yaks (D:7)
  2 water moccasins
  An orc warrior (D:7)
  4 sky beasts
  2 black bears
  A centaur (D:8)
  4 kobold brigands
  3 bullfrogs
  A necrophage (D:8)
  4 scorpions (D:7)
  5 wights (D:6)
  7 killer bees
  2 howler monkeys (D:6)
  2 hounds
  2 jellies
  A quasit (D:9)
  4 gnoll boudas
  3 orc priests
  5 iguanas
  5 orc wizards
  The ghost of CraigOfTheCreek the Caller, a weakling DrWn (D:3)
  18 gnolls
  2 river rats
  5 adders
  2 shadow imps
  3 dart slugs
  2 worms
  16 orcs
  5 bats
  An endoplasm (D:4)
  2 giant cockroaches
  4 goblins
  4 hobgoblins
  3 jackals (D:5)
  A quokka (D:2)
  5 ball pythons
  4 frilled lizards
  14 kobolds
  5 rats
  9 bushes (D:4)
172 creatures vanquished.

Vanquished Creatures (others)
  A demonic plant (D:9)
  3 fungi (D:7)
  11 plants (D:4)
  5 toadstools (D:1)
20 creatures vanquished.

Grand Total: 192 creatures vanquished

Notes
Turn   | Place    | Note
-------+----------+-------------------------------------------
     0 | D:1      | wormed the Merfolk Berserker began the quest for the Orb.
     0 | D:1      | Reached XP level 1. HP: 18/18 MP: 1/1
   130 | D:1      | Reached XP level 2. HP: 19/24 MP: 2/2
   238 | D:1      | Reached skill level 4 in Long Blades
   443 | D:2      | Identified the +0 robe of Hubris {rElec}
   871 | D:2      | Reached XP level 3. HP: 27/29 MP: 3/3
  1254 | D:2      | Reached ** piety under Trog
  1381 | D:3      | Found a runed translucent door.
  1384 | D:3      | Noticed CraigOfTheCreek's ghost (weakling DrWn)
  1392 | D:3      | Identified the +1 ring mail "Jaerecw" {Drain *Slow rCorr
                  | Stlth+}
  1465 | D:3      | Noticed Sigmund
  1482 | D:3      | Killed Sigmund
  1483 | D:3      | Reached skill level 5 in Long Blades
  1483 | D:3      | Reached XP level 4. HP: 37/37 MP: 4/4
  1483 | D:3      | Reached XP level 5. HP: 42/42 MP: 5/5
  1571 | D:3      | Found a glowing drain.
  1575 | Sewer    | Entered a sewer
  1649 | Sewer    | Noticed a kobold brigand
  1650 | Sewer    | Noticed a kobold brigand
  1681 | Sewer    | Killed a kobold brigand
  1682 | Sewer    | Reached XP level 6. HP: 49/49 MP: 6/6
  1688 | Sewer    | Reached skill level 6 in Long Blades
  1729 | Sewer    | Found a glowing silver altar of Zin.
  2206 | D:3      | Found a broken altar of Ashenzari.
  2441 | D:3      | Killed CraigOfTheCreek's ghost
  2819 | D:4      | Identified the +8 short sword of Urgency {drain, Fly rF+
                  | Int+2}
  2884 | D:4      | Reached XP level 7. HP: 48/55 MP: 7/7
  3251 | D:4      | Reached skill level 5 in Dodging
  4015 | D:5      | Entered Level 5 of the Dungeon
  4109 | D:5      | Reached skill level 5 in Fighting
  4130 | D:5      | Found a staircase to the Ecumenical Temple.
  4180 | D:5      | Reached skill level 7 in Long Blades
  4323 | D:5      | Reached XP level 8. HP: 62/62 MP: 8/8
  4702 | D:6      | Reached skill level 8 in Long Blades
  4975 | D:6      | You are sucked into a shaft and drop 2 floors!
  5028 | D:8      | Found an ornate altar of the Wu Jian Council.
  5085 | D:8      | Reached skill level 9 in Long Blades
  5102 | D:8      | Reached XP level 9. HP: 29/70 MP: 9/9
  5257 | D:8      | Noticed a two-headed ogre
  5561 | D:7      | Reached skill level 10 in Long Blades
  5659 | D:7      | Reached *** piety under Trog
  5930 | D:7      | Found a white marble altar of Elyvilon.
  6170 | D:7      | Found a glowing golden altar of the Shining One.
  6390 | D:7      | Reached skill level 11 in Long Blades
  6660 | D:8      | Found a hide-covered altar of Uskayaw.
  6686 | D:8      | Reached XP level 10. HP: 69/79 MP: 10/10
  6835 | D:8      | Reached skill level 5 in Armour
  6884 | D:8      | Killed a two-headed ogre
  7464 | D:9      | Reached **** piety under Trog
  7520 | D:9      | Reached skill level 12 in Long Blades
  7531 | D:9      | HP: 1/120 [yak (10)]
  7532 | D:9      | Succumbed to a killer bee's poison

Illustrated notes

Levels and vault maps discovered:
D:1:      ldierk_walled_garden, layout_rooms, serial_park_tiny_1,
          chequers_serial_rivers_small_b
D:2:      layout_basic
D:3:      layout_loops_ring, lemuel_round_altar, gup_sewer_entry_bowl,
          ebering_ghost_reflecting_pool, kennysheep_boxes, uniq_sigmund
D:4:      layout_loops_ring, lexackson_kobold_supper
D:5:      layout_gridville, minmay_temple_entry_ruins
D:6:      layout_loops_ring
D:7:      old_forge, layout_basic, lemuel_tele_altar, tso_altar,
          minmay_misc_feat_enclosed
D:8:      layout_gridville, mainiacjoe_overflow_brackets,
          mainiacjoe_overflow_24_doors, hangedman_abyss_or_decor_clamps,
          minmay_between
D:9:      layout_rooms, lemuel_round_altar, serial_demonic, serial_demonic_c,
          serial_demonic_g, serial_demonic_a, serial_demonic_g, eino_jars

Skill      XL: |  1  2  3  4  5  6  7  8  9 10 |
---------------+-------------------------------+-----
Long Blades    | 4 5 6 7 9 11 12 | 12.0
Dodging        | 3 4 5 7 8 9 |  9.3
Fighting       | 4 5 6 7 8 |  8.2
Armour         | 2 3 4 5 |  5.3

Action                   |  1- 3 |  4- 6 |  7- 9 | 10-12 || total
-------------------------+-------+-------+-------+-------++-------
Melee: Falchion          |   109 |   123 |    34 |       ||   266
       Tailslap          |       |     2 |       |       ||     2
       Punch             |       |     1 |    12 |       ||    13
       Short sword       |       |       |   598 |    28 ||   626
       Long sword        |       |       |       |    71 ||    71
Throw: Dart              |       |       |       |     6 ||     6
Invok: Berserk           |     1 |     1 |     3 |     2 ||     7
       Trog's Hand       |       |       |     1 |       ||     1
  Use: Scroll            |       |     3 |    10 |     1 ||    14
 Stab: Sleeping          |     1 |       |       |       ||     1
Armor: Animal skin       |     7 |       |       |       ||     7
       Chain mail        |    11 |       |       |    40 ||    51
       Ring mail         |    12 |    37 |    95 |    19 ||   163
Dodge: Dodged            |    63 |    78 |   205 |   108 ||   454

Table legend: (Time is in decaauts)
 A = Elapsed time spent in this place.
 B = Non-inter-level travel time spent in this place.
 C = Inter-level travel time spent in this place.
 D = Time resting spent in this place.
 E = Time spent auto-exploring this place.
 F = Levels seen in this place.
 G = Mean time per level.
                   A        B        C        D        E       F      G
               +--------+--------+--------+--------+--------+-----+--------+
         Total |   7345 |   6813 |    532 |     82 |   5252 |  10 |  734.5 |
       Dungeon |   7076 |   6544 |    532 |     82 |   5079 |   9 |  786.2 |
         Sewer |    268 |    268 |      0 |      0 |    173 |   1 |  268.0 |
               +--------+--------+--------+--------+--------+-----+--------+

Top non-repeatable levels by time:
     D:4: 1467 daAuts
     D:7: 1144 daAuts
     D:8: 1134 daAuts
     D:2: 971 daAuts
     D:3: 793 daAuts
     D:6: 603 daAuts
     D:5: 539 daAuts
     D:1: 401 daAuts
   Sewer: 268 daAuts
     D:9: 21 daAuts
